[Event "African Games Rapid Open 2019"]
[Site "Casablanca"]
[Date "2019.08.26"]
[Round "5.4"]
[White "Aderito, Pedro"]
[Black "Ssegwanyi, Arthur"]
[Result "1-0"]
[ECO "D37"]
[WhiteElo "2301"]
[BlackElo "2335"]
[Annotator "NA"]
[PlyCount "146"]
[EventDate "2019.08.26"]
[EventType "team-tourn"]
[EventCountry "MAR"]
[SourceTitle "playchess.com"]
[Source "ChessBase"]
[SourceQuality "1"]
[TimeControl "900+10"]

1. d4 d5 2. Nf3 Nf6 3. c4 e6 4. Nc3 Be7 5. Bf4 O-O 6. e3 b6 7. Rc1 Bb7 8. cxd5 Nxd5 9. Nxd5 Qxd5 10. a3 Bd6 11. Bxd6 cxd6 12. Bc4 Qa5+ 13. Qd2 Qf5 14. Be2 Nc6 15. O-O Rac8 16. Rc3 e5 17. Rfc1 exd4 18. exd4 Ne7 19. Rc7 Rxc7 20. Rxc7 Bxf3 21. Bxf3 Nd5 22. Bxd5 Qxd5 23. Rxa7 Rc8 24. h3 h6 25. Re7 Rc4 26. Re8+ Kh7 27. Qd3+ g6 28. Re4 Kg7 29. b3 Rc3 30. Qxc3 Qxe4 31. d5+ Kg8 32. Qc8+ Kg7 33. Qc3+ Kg8 34. Qc6 Qe1+ 35. Kh2 Qe5+ 36. g3 Qd4 37. Kg2 Qe4+ 38. Kg1 Qe1+ 39. Kg2 Qe4+ 40. Kh2 Qd4 41. Kg2 Qe4+ 42. Kf1 Qd3+ 43. Kg1 Qb1+ 44. Kh2 Qxb3 45. Qxd6 Qb2 46. Kg2 Qd4 47. Qc6 Qe4+ 48. Kh2 Qd4 49. Kg1 Qe4 50. Qxb6 Qxd5 51. Qb8+ Kh7 52. Qf4 Kg7 53. h4 g5 54. hxg5 hxg5 55. Qe3 Kg6 56. Qc3 f5 57. Qc2 Kh6 58. a4 f4 59. g4 Qf3 60. Qf5 Qd1+ 61. Kh2 Qd6 62. a5 Qa6 63. Qf8+ Kg6 64. Qg8+ Kh6 65. Qh8+ Kg6 66. Qh5+ Kg7 67. Qxg5+ Kh8 68. Qe5+ Kg8 69. Qb8+ Kh7 70. Qc7+ Kg8 71. g5 Qb5 72. Qd8+ Kh7 73. Qf6 Qd5 1-0

[Event "African Games Rapid Open 2019"]
[Site "Casablanca"]
[Date "2019.08.26"]
[Round "5.5"]
[White "Boudriga, Mohamed Ali"]
[Black "Silva, David"]
[Result "1-0"]
[ECO "C44"]
[WhiteElo "2325"]
[BlackElo "2239"]
[Annotator "NA"]
[PlyCount "123"]
[EventDate "2019.08.26"]
[EventType "team-tourn"]
[EventCountry "MAR"]
[SourceTitle "playchess.com"]
[Source "ChessBase"]
[SourceQuality "1"]
[TimeControl "900+10"]

1. e4 e5 2. Nf3 Nc6 3. d4 exd4 4. Nxd4 Nf6 5. Nxc6 bxc6 6. Bd3 d5 7. exd5 cxd5 8. O-O Be7 9. c4 c6 10. cxd5 cxd5 11. Nc3 O-O 12. Be3 Be6 13. h3 Nd7 14. Be2 Ne5 15. b3 Bf6 16. Bd4 Nc6 17. Bxf6 Qxf6 18. Nxd5 Qg5 19. Bf3 Ne5 20. Be4 Qh4 21. f4 Rad8 22. Qe1 Qxe1 23. Raxe1 Bxd5 24. fxe5 Bxe4 25. Rxe4 Rfe8 26. Rf2 Re6 27. Ra4 a6 28. Ra5 h6 29. Rc2 Rd1+ 30. Kf2 Rd3 31. Re2 Kh7 32. Rc5 Rd7 33. Rc4 Rde7 34. Rc5 f6 35. Kf3 fxe5 36. Ke4 Rd6 37. Rxe5 Red7 38. Ke3 Rf7 39. Rf2 Rfd7 40. Rc2 Rf7 41. Rf2 Rfd7 42. Re2 Rf7 43. Re4 Rff6 44. Re7 Rf5 45. Rf2 Rd3+ 46. Kxd3 Rxf2 47. Re2 Rf6 48. Kc4 Rf5 49. b4 h5 50. a4 h4 51. Re4 g5 52. b5 axb5+ 53. axb5 Rf1 54. b6 Rb1 55. Kc5 Rc1+ 56. Kd6 Rb1 57. Kc7 Rc1+ 58. Kb8 Rc2 59. Rg4 Kg6 60. b7 Rb2 61. Ra4 Rxg2 62. Ka7 1-0

[Event "African Games Rapid Open 2019"]
[Site "Casablanca"]
[Date "2019.08.26"]
[Round "5.6"]
[White "Amba, Oyon Marius Claude"]
[Black "Zaibi, Amir"]
[Result "0-1"]
[ECO "B44"]
[WhiteElo "1911"]
[BlackElo "2367"]
[Annotator "NA"]
[PlyCount "74"]
[EventDate "2019.08.26"]
[EventType "team-tourn"]
[EventCountry "MAR"]
[SourceTitle "playchess.com"]
[Source "ChessBase"]
[SourceQuality "1"]
[TimeControl "900+10"]

1. e4 c5 2. Nf3 e6 3. d4 cxd4 4. Nxd4 Nc6 5. Nb3 Nf6 6. Bd3 d5 7. exd5 exd5 8. O-O h6 9. Nc3 Be7 10. Bf4 O-O 11. Nb5 Bg4 12. f3 Bd7 13. Nd6 Nh5 14. Qd2 Nxf4 15. Qxf4 Qc7 16. Rad1 Bxd6 17. Qh4 Rfe8 18. Kh1 Qd8 19. Qf2 Qf6 20. f4 Bf5 21. Bb5 a6 22. Bd3 Rad8 23. Nc5 Bxc5 24. Qxc5 Bxd3 25. Rxd3 Qxb2 26. f5 Qb4 27. Qf2 f6 28. Rg3 Re4 29. h3 Rde8 30. Qf3 Qd6 31. Qc3 Nd4 32. Rd3 Nxf5 33. Qa5 Ng3+ 34. Rxg3 Qxg3 35. Qxd5+ Kh8 36. Qa5 Re1 37. Kg1 Qe3+ 0-1

[Event "African Games Rapid Open 2019"]
[Site "Casablanca"]
[Date "2019.08.26"]
[Round "5.7"]
[White "Traore, Bakary"]
[Black "Mwale, Joseph"]
[Result "0-1"]
[ECO "C89"]
[WhiteElo "2189"]
[BlackElo "2231"]
[Annotator "NA"]
[PlyCount "62"]
[EventDate "2019.08.26"]
[EventType "team-tourn"]
[EventCountry "MAR"]
[SourceTitle "playchess.com"]
[Source "ChessBase"]
[SourceQuality "1"]
[TimeControl "900+10"]

1. e4 e5 2. Nf3 Nc6 3. Bb5 a6 4. Ba4 Nf6 5. O-O b5 6. Bb3 Be7 7. Re1 O-O 8. c3 d5 9. exd5 Nxd5 10. Nxe5 Nxe5 11. Rxe5 Nf6 12. d4 Bd6 13. Re1 Ng4 14. h3 Qh4 15. Qf3 Nxf2 16. Rf1 Nxh3+ 17. gxh3 Bxh3 18. Bf4 Bxf1 19. Bxd6 cxd6 20. Kxf1 Rae8 21. Nd2 Re6 22. Qg2 Rg6 23. Nf3 Qh5 24. Qf2 Qh1+ 25. Ng1 Rf6 26. Qxf6 gxf6 27. Re1 Kh8 28. Kf2 Qh2+ 29. Kf3 Rg8 30. Ne2 Qh3+ 31. Ke4 Qh4+ 0-1

[Event "African Games Rapid Open 2019"]
[Site "Casablanca"]
[Date "2019.08.26"]
[Round "5.8"]
[White "Arab, Adlane"]
[Black "Chumfwa, Stanley"]
[Result "1-0"]
[ECO "E71"]
[WhiteElo "2485"]
[BlackElo "2317"]
[Annotator "ChessBase"]
[PlyCount "61"]
[EventDate "2019.08.26"]
[EventType "team-tourn"]
[EventCountry "MAR"]
[SourceTitle "playchess.com"]
[Source "ChessBase"]
[SourceQuality "1"]
[TimeControl "900+10"]

1. d4 Nf6 2. c4 g6 3. Nc3 Bg7 4. e4 d6 5. h3 O-O 6. Bg5 c5 7. d5 b5 8. cxb5 a6 9. a4 Qa5 10. Bd2 Nbd7 11. Nf3 axb5 12. Bxb5 Ba6 13. O-O Bxb5 14. Nxb5 Qb6 15. Qc2 Ne8 16. Bc3 f6 17. Nd2 Nc7 18. Nc4 Qb8 19. Nxc7 Qxc7 20. b3 Rfb8 21. Rab1 Qa7 22. f4 Qa6 23. Kh1 Nb6 24. Na5 c4 25. b4 Nd7 26. b5 Qb6 27. Nc6 Re8 28. Bd4 Nc5 29. a5 Rxa5 30. Nxa5 Qxa5 31. Bxc5 1-0

[Event "African Games Rapid Open 2019"]
[Site "Casablanca"]
[Date "2019.08.26"]
[Round "5.9"]
[White "Mphungu, Gerrard"]
[Black "Tissir, Mohamed"]
[Result "1-0"]
[ECO "A40"]
[WhiteElo "2107"]
[BlackElo "2379"]
[Annotator "NA"]
[PlyCount "203"]
[EventDate "2019.08.26"]
[EventType "team-tourn"]
[EventCountry "MAR"]
[SourceTitle "playchess.com"]
[Source "ChessBase"]
[SourceQuality "1"]
[TimeControl "900+10"]

1. d4 e6 2. e4 c5 3. d5 exd5 4. exd5 d6 5. c4 Nf6 6. Nf3 Be7 7. Be2 O-O 8. Nc3 Bf5 9. O-O Re8 10. h3 Ne4 11. Nxe4 Bxe4 12. Bd3 Bf6 13. Bxe4 Rxe4 14. Qc2 Qe7 15. Bd2 Nd7 16. Rae1 Re8 17. Rxe4 Qxe4 18. Qa4 Rd8 19. Re1 Qf5 20. g4 Qxf3 21. Re3 Ne5 22. Rxf3 Nxf3+ 23. Kg2 Nxd2 24. Qc2 Bg5 25. h4 Bf4 26. Qf5 g5 27. hxg5 Be5 28. f4 Nxc4 29. Kh3 Bd4 30. b3 Ne3 31. Qe4 Kf8 32. Qxh7 Nxd5 33. f5 Ke7 34. f6+ Nxf6 35. gxf6+ Bxf6 36. Qe4+ Be5 37. Qxb7+ Rd7 38. Qd5 f6 39. Kg2 Kf8 40. Kf3 Re7 41. Qe4 Kg7 42. Qf5 Bd4 43. Qd5 Be5 44. Qe4 Kf8 45. a4 Kg7 46. a5 Rd7 47. Qd5 Re7 48. a6 Kf8 49. Qa8+ Kg7 50. Qd8 Kf7 51. Ke4 Ke6 52. Qg8+ Rf7 53. Qc8+ Rd7 54. Qe8+ Re7 55. Qa8 Bd4 56. Qc8+ Rd7 57. Qc6 Re7 58. Qa8 Rd7 59. Qd5+ Ke7 60. Kf5 Kd8 61. Qa8+ Ke7 62. Qe4+ Be5 63. Qd5 Kd8 64. Qa8+ Ke7 65. Qd5 Kd8 66. Kg6 Ke7 67. g5 fxg5 68. Kxg5 Kf8 69. Qa8+ Kg7 70. Kf5 Re7 71. Ke4 Kf6 72. Qf8+ Rf7 73. Qd8+ Ke6 74. Qc8+ Rd7 75. Qg8+ Rf7 76. Qg4+ Ke7 77. Kd5 Rg7 78. Qe6+ Kd8 79. Qh3 Kc7 80. Qd3 Kb6 81. Qc4 Rg3 82. Qa4 Rd3+ 83. Ke6 Rd4 84. Qa3 Bf4 85. Kd7 Rb4 86. Qa2 Be5 87. Qa3 Bf4 88. Qa2 Be5 89. Ke6 Rb5 90. Kd5 Ra5 91. Qg2 Rxa6 92. Qg8 Ka5 93. Qb8 Bf4 94. Qb7 Be5 95. Kc4 d5+ 96. Kxd5 Bd4 97. Kc4 Rb6 98. Qxa7+ Ra6 99. Qd7 Kb6 100. b4 cxb4 101. Qxd4+ Kc7 102. Kxb4 1-0

[Event "African Games Rapid Open 2019"]
[Site "Casablanca"]
[Date "2019.08.26"]
[Round "5.10"]
[White "Adu, Oladapo"]
[Black "Eichab, Charles"]
[Result "1-0"]
[ECO "B01"]
[WhiteElo "2273"]
[BlackElo "2016"]
[Annotator "NA"]
[PlyCount "151"]
[EventDate "2019.08.26"]
[EventType "team-tourn"]
[EventCountry "MAR"]
[SourceTitle "playchess.com"]
[Source "ChessBase"]
[SourceQuality "1"]
[TimeControl "900+10"]

1. e4 d5 2. exd5 Qxd5 3. Nc3 Qd6 4. d4 Nf6 5. Nf3 Bg4 6. Be2 c6 7. Bg5 Nbd7 8. Qd2 e6 9. O-O-O Qc7 10. h3 Bxf3 11. Bxf3 Bb4 12. a3 Bd6 13. Rhe1 O-O-O 14. Kb1 h6 15. Be3 Kb8 16. Qe2 Nb6 17. Bc1 Nbd5 18. Na2 e5 19. c4 Nf4 20. Bxf4 exf4 21. Nc3 Rhe8 22. Qf1 Qa5 23. Rxe8 Rxe8 24. Qd3 Qc7 25. c5 Bf8 26. Qf5 Ng8 27. Ne2 g5 28. Bh5 Re7 29. Qh7 Nf6 30. Qh8 Nd7 31. Bg4 Qd8 32. Nc3 Re8 33. Qh7 Nf6 34. Qxf7 Nxg4 35. hxg4 Re7 36. Qc4 Bg7 37. f3 Rd7 38. Ne2 Qe8 39. Kc2 Qe3 40. Rd2 Kc7 41. Qd3 Re7 42. Qc4 Rd7 43. Qd3 Re7 44. Qxe3 Rxe3 45. Nc3 Re8 46. d5 Bxc3 47. d6+ Kd7 48. Kxc3 Re5 49. b4 b6 50. Kc4 Re3 51. a4 Re1 52. Kd4 Rb1 53. Kc3 Rc1+ 54. Kb2 Re1 55. a5 Re5 56. axb6 axb6 57. Rc2 Re3 58. Ka2 Rd3 59. Re2 Re3 60. Rd2 Re5 61. Rc2 Ke6 62. Kb3 Kd7 63. Ka4 bxc5 64. bxc5 Rd5 65. Kb4 Rd4+ 66. Kc3 Rd5 67. Kc4 Rd1 68. Rb2 Rc1+ 69. Kd4 Rd1+ 70. Ke4 Rd5 71. Rb7+ Kc8 72. Rc7+ Kd8 73. Rxc6 Rd2 74. Rc7 Rc2 75. Kd5 Rc3 76. Kd4 1-0

[Event "African Games Rapid Open 2019"]
[Site "Casablanca"]
[Date "2019.08.26"]
[Round "5.11"]
[White "Osunfuyi, Abimbola"]
[Black "Sang, Ricky"]
[Result "1-0"]
[ECO "A36"]
[WhiteElo "2235"]
[BlackElo "1971"]
[Annotator "NA"]
[PlyCount "96"]
[EventDate "2019.08.26"]
[EventType "team-tourn"]
[EventCountry "MAR"]
[SourceTitle "playchess.com"]
[Source "ChessBase"]
[SourceQuality "1"]
[TimeControl "900+10"]

1. c4 c5 2. g3 Nc6 3. Bg2 g6 4. Nc3 Bg7 5. a3 Nf6 6. Rb1 O-O 7. d3 b6 8. b4 cxb4 9. axb4 Bb7 10. Bd2 Qc8 11. e4 d6 12. h3 Nd7 13. Nd5 e6 14. Nf4 Nde5 15. h4 Nd4 16. Be3 Ndc6 17. Nge2 Ng4 18. Bd2 h5 19. f3 Nge5 20. Qb3 Rd8 21. d4 Nd7 22. d5 exd5 23. Nxd5 Re8 24. Rc1 Nce5 25. Bh3 Qd8 26. O-O Ba6 27. Bg5 f6 28. Be3 Rc8 29. b5 Bb7 30. c5 Nxc5 31. Bxc5 Rxc5 32. Rxc5 dxc5 33. Nxf6+ Kh8 34. Nxe8 Qxe8 35. f4 Ng4 36. e5 Qf8 37. Bxg4 hxg4 38. Qe6 Bf3 39. Nc3 Qd8 40. Rxf3 gxf3 41. Qd5 Qf8 42. Kf2 Qf5 43. Qe4 Qe6 44. Nd5 Qh3 45. Qxf3 Qf5 46. Ne3 Qd3 47. h5 c4 48. hxg6 c3 1-0

[Event "African Games Rapid Open 2019"]
[Site "Casablanca"]
[Date "2019.08.26"]
[Round "5.12"]
[White "Elarabi, Abobker Mohamed"]
[Black "Kamara, Ansumana"]
[Result "1-0"]
[ECO "D79"]
[WhiteElo "2326"]
[BlackElo "1928"]
[Annotator "NA"]
[PlyCount "92"]
[EventDate "2019.08.26"]
[EventType "team-tourn"]
[EventCountry "MAR"]
[SourceTitle "playchess.com"]
[Source "ChessBase"]
[SourceQuality "1"]
[TimeControl "900+10"]

1. d4 Nf6 2. Nf3 g6 3. c4 Bg7 4. g3 c6 5. Bg2 d5 6. O-O O-O 7. cxd5 cxd5 8. Nc3 Nc6 9. Ne5 Bf5 10. Nxc6 bxc6 11. Na4 h6 12. b3 Nd7 13. Ba3 Re8 14. Rc1 Rc8 15. e3 e5 16. Bb2 e4 17. Qd2 Nb6 18. Nc5 g5 19. Rc2 Qf6 20. Rfc1 Bg4 21. a4 h5 22. Qa5 Re7 23. Qa6 Rcc7 24. Ba3 h4 25. Qf1 Re8 26. a5 Nd7 27. Na6 Rcc8 28. Nb4 Nb8 29. Bh3 Bxh3 30. Qxh3 hxg3 31. hxg3 Qe6 32. Qxe6 fxe6 33. Nxc6 Nxc6 34. Rxc6 Rb8 35. Bc5 Rxb3 36. Bxa7 Ra3 37. Bb6 Ra2 38. Rc8 Kf7 39. Rxe8 Kxe8 40. Rc8+ Kf7 41. Ra8 e5 42. dxe5 Bxe5 43. a6 Bf6 44. a7 Be7 45. Rc8 Ra6 46. Bd4 g4 1-0

[Event "African Games Rapid Open 2019"]
[Site "Casablanca"]
[Date "2019.08.26"]
[Round "5.13"]
[White "Oatlhotse, Providence"]
[Black "Rita, Jeorciley"]
[Result "1-0"]
[ECO "D30"]
[WhiteElo "2252"]
[BlackElo "1920"]
[Annotator "NA"]
[PlyCount "149"]
[EventDate "2019.08.26"]
[EventType "team-tourn"]
[EventCountry "MAR"]
[SourceTitle "playchess.com"]
[Source "ChessBase"]
[SourceQuality "1"]
[TimeControl "900+10"]

1. d4 e6 2. c4 d5 3. Nf3 Nf6 4. Bg5 Be7 5. e3 c6 6. Bd3 dxc4 7. Bxc4 b5 8. Bd3 Bb7 9. O-O Nbd7 10. Nbd2 O-O 11. Qe2 a6 12. a4 Nh5 13. Bxe7 Qxe7 14. Ne5 Nxe5 15. Bxh7+ Kxh7 16. Qxh5+ Kg8 17. Qxe5 Qb4 18. Ne4 Qxb2 19. Rfb1 Qc2 20. Rc1 Qb2 21. Rab1 Qa2 22. Nc5 Bc8 23. e4 f5 24. Ra1 Qd2 25. Rd1 Qh6 26. Qd6 fxe4 27. Qxc6 Ra7 28. Qxe4 Raf7 29. f3 Rf4 30. Qe5 Qg6 31. axb5 axb5 32. Kh1 Qf5 33. Qe3 Qd5 34. Rab1 b4 35. Rxb4 Rxf3 36. gxf3 Rxf3 37. Qe4 Qh5 38. Rb8 Rf8 39. Rg1 e5 40. Rxc8 Rxc8 41. Qg4 Qxg4 42. Rxg4 exd4 43. Nd3 Rd8 44. Kg2 Kf7 45. Kf3 Kf6 46. Ke4 g5 47. Rg2 Rd7 48. Rf2+ Kg7 49. Rf5 Kh6 50. Ne5 Ra7 51. Kxd4 Ra2 52. Ke4 Kh5 53. Rf8 g4 54. Rh8+ Kg5 55. Rg8+ Kh4 56. Rh8+ Kg5 57. Rg8+ Kh4 58. Nxg4 Ra4+ 59. Kf3 Ra3+ 60. Ne3 Ra2 61. Rh8+ Kg5 62. h4+ Kg6 63. Ng2 Ra3+ 64. Kg4 Ra4+ 65. Nf4+ Kg7 66. Rb8 Kh6 67. Rb6+ Kh7 68. Rb5 Ra1 69. h5 Rg1+ 70. Kf5 Kh6 71. Rb6+ Kh7 72. Rb8 Rg7 73. Nd5 Rg1 74. Nf6+ Kh6 75. Rh8+ 1-0

[Event "African Games Rapid Open 2019"]
[Site "Casablanca"]
[Date "2019.08.26"]
[Round "5.14"]
[White "Kouya, Tyeoulou Bernardin F"]
[Black "Mesfin, Leykun"]
[Result "0-1"]
[ECO "A48"]
[WhiteElo "1770"]
[BlackElo "2151"]
[Annotator "NA"]
[PlyCount "52"]
[EventDate "2019.08.26"]
[EventType "team-tourn"]
[EventCountry "MAR"]
[SourceTitle "playchess.com"]
[Source "ChessBase"]
[SourceQuality "1"]
[TimeControl "900+10"]

1. d4 Nf6 2. Nf3 g6 3. Bg5 Bg7 4. Nbd2 d6 5. e3 h6 6. Bh4 O-O 7. Bd3 Nbd7 8. c3 c5 9. O-O b6 10. Rc1 Bb7 11. Bb1 e5 12. Nc4 Qe7 13. dxe5 dxe5 14. Bg3 Rad8 15. Qe2 Ne4 16. Bh4 g5 17. Bg3 f5 18. h3 Nxg3 19. fxg3 e4 20. Nfd2 Ba6 21. Qf2 Ne5 22. Nxe5 Bxe5 23. Rfd1 Qd6 24. Nf1 Qxd1 25. Rxd1 Rxd1 26. Bc2 Rxf1+ 0-1

[Event "African Games Rapid Open 2019"]
[Site "Casablanca"]
[Date "2019.08.26"]
[Round "5.16"]
[White "Ebosse, Kingue Victor Patric"]
[Black "Gohil, Mehul"]
[Result "1-0"]
[ECO "C11"]
[WhiteElo "2055"]
[BlackElo "2076"]
[Annotator "NA"]
[PlyCount "179"]
[EventDate "2019.08.26"]
[EventType "team-tourn"]
[EventCountry "MAR"]
[SourceTitle "playchess.com"]
[Source "ChessBase"]
[SourceQuality "1"]
[TimeControl "900+10"]

1. e4 e6 2. d4 d5 3. Nc3 Nf6 4. Bd3 Bb4 5. e5 Ne4 6. Nge2 c5 7. O-O cxd4 8. Nxe4 dxe4 9. Bxe4 Bc5 10. Nf4 Nc6 11. Nd3 Be7 12. Qg4 Kf8 13. a3 f5 14. exf6 Bxf6 15. f4 Ne7 16. Ne5 Nf5 17. Bd2 h5 18. Bb4+ Kg8 19. Qh3 Rh6 20. Bxf5 exf5 21. Qb3+ Kh7 22. Nf7 Qb6 23. Nxh6 d3+ 24. Kh1 Be6 25. Qxd3 Kxh6 26. Qd6 Bxb2 27. Qxb6 axb6 28. Rad1 Bc4 29. Rf3 Re8 30. Rd6+ Kh7 31. Kg1 Re2 32. Rf2 Re4 33. g3 Bd4 34. Kg2 Bxf2 35. Kxf2 b5 36. Rd7 Re2+ 37. Kf3 Rxh2 38. Ke3 Rxc2 39. Rxb7 Re2+ 40. Kd4 Rg2 41. a4 Rb2 42. Bc3 Rb3 43. a5 Ra3 44. Bb2 Rxa5 45. Kc5 Ra2 46. Rxg7+ Kh6 47. Be5 Rg2 48. Rg5 Bd3 49. Kd6 Ra2 50. Bg7+ Kh7 51. Bd4 Ra6+ 52. Ke7 Kh6 53. Bg7+ Kh7 54. Be5 Ra7+ 55. Ke6 Ra6+ 56. Bd6 Kh6 57. Ke5 Ra8 58. Kf6 Ra6 59. Rg6+ Kh7 60. Kg5 b4 61. Rh6+ Kg7 62. Be5+ Kf7 63. Rh7+ Ke6 64. Rxh5 Kd5 65. Rh8 Rb6 66. g4 fxg4 67. Kxg4 b3 68. Bb2 Rg6+ 69. Kf3 Be4+ 70. Ke3 Rg3+ 71. Kd2 Rg2+ 72. Kc3 Rg3+ 73. Kb4 Bc2 74. Ka3 Ke4 75. Re8+ Kf5 76. Be5 Rg1 77. Rf8+ Ke6 78. Rf6+ Ke7 79. Rb6 Rg8 80. Kb2 Ra8 81. Kc3 Rc8+ 82. Kd4 Rd8+ 83. Ke3 Kf7 84. Kf3 Rg8 85. f5 Re8 86. Rb7+ Kg8 87. Kf4 Rf8 88. Rg7+ Kh8 89. f6 Re8 90. f7 1-0

[Event "African Games Rapid Open 2019"]
[Site "Casablanca"]
[Date "2019.08.26"]
[Round "5.17"]
[White "Makoto, Rodwell"]
[Black "Koualet-Bebondi, Vianney Archeveq"]
[Result "1-0"]
[ECO "A04"]
[WhiteElo "2373"]
[BlackElo "1679"]
[Annotator "NA"]
[PlyCount "77"]
[EventDate "2019.08.26"]
[EventType "team-tourn"]
[EventCountry "MAR"]
[SourceTitle "playchess.com"]
[Source "ChessBase"]
[SourceQuality "1"]
[TimeControl "900+10"]

1. Nf3 d6 2. d4 e6 3. e4 Be7 4. Bd3 Nd7 5. O-O Bf6 6. Qe2 e5 7. dxe5 Nxe5 8. Nxe5 Bxe5 9. c3 g6 10. f4 Bg7 11. f5 Qe7 12. Na3 Bd7 13. Qf2 c5 14. Nb5 Bc6 15. Bf4 Be5 16. fxg6 hxg6 17. Rad1 a6 18. Bxe5 dxe5 19. Nd6+ Kd7 20. Nxf7 Rh7 21. Qg3 Kc7 22. Nxe5 Qh4 23. Rf7+ Kb6 24. Qxh4 Rxh4 25. Nxg6 Rg4 26. Ne5 Rg5 27. Nxc6 Kxc6 28. Bc4 Kb6 29. Rdd7 Rb8 30. Bd5 Re5 31. Rxb7+ Rxb7 32. Rxb7+ Ka5 33. Bc6 Rxe4 34. Bxe4 Nf6 35. Bc6 c4 36. b4+ cxb3 37. axb3 Nd5 38. b4+ Nxb4 39. cxb4# 1-0

[Event "African Games Rapid Open 2019"]
[Site "Casablanca"]
[Date "2019.08.26"]
[Round "5.18"]
[White "Mushore, Emarald Takudzwa"]
[Black "Beukes, Dante M"]
[Result "1/2-1/2"]
[ECO "B34"]
[WhiteElo "2198"]
[BlackElo "2130"]
[Annotator "NA"]
[PlyCount "128"]
[EventDate "2019.08.26"]
[EventType "team-tourn"]
[EventCountry "MAR"]
[SourceTitle "playchess.com"]
[Source "ChessBase"]
[SourceQuality "1"]
[TimeControl "900+10"]

1. e4 c5 2. Nf3 Nc6 3. d4 cxd4 4. Nxd4 g6 5. Nc3 Bg7 6. Be3 Nf6 7. Nxc6 bxc6 8. Be2 Qa5 9. O-O O-O 10. Qd2 Re8 11. Rfd1 Bb7 12. Nd5 Qxd2 13. Nxf6+ Bxf6 14. Rxd2 d6 15. c3 c5 16. Bf3 Rab8 17. g3 Ba8 18. Bg2 Rb5 19. Rc1 Reb8 20. b3 a5 21. f3 a4 22. Bf1 Ra5 23. Bc4 axb3 24. axb3 Ra3 25. Kf2 Bc6 26. Ke2 Bb5 27. Kd3 Bxc4+ 28. bxc4 Rbb3 29. Rdc2 e6 30. f4 Ra5 31. Bd2 Kf8 32. Re1 Be7 33. Rcc1 Ra2 34. Ra1 Rbb2 35. Rxa2 Rxa2 36. Rb1 Bf6 37. Rb8+ Ke7 38. Rb7+ Ke8 39. Rb6 Ke7 40. Rb1 Kd7 41. g4 h5 42. g5 Bd8 43. Rb7+ Bc7 44. Rb1 Ra8 45. Rf1 Ke7 46. f5 Rf8 47. Be3 exf5 48. exf5 gxf5 49. Rxf5 Rg8 50. Ke4 Rg6 51. Kd5 Ba5 52. Bd2 Re6 53. Rf1 Re2 54. Re1 Rxe1 55. Bxe1 Kd7 56. h3 Bd8 57. Bd2 Ba5 58. Be1 Bd8 59. Bg3 Bc7 60. Bf4 Bb8 61. Bg3 Bc7 62. Bf2 Ba5 63. Be3 Bd8 64. Bf4 Bc7 {[%emt 0:00:00] Kd4} 1/2-1/2

[Event "African Games Rapid Open 2019"]
[Site "Casablanca"]
[Date "2019.08.26"]
[Round "5.19"]
[White "Naipal, Hoolan"]
[Black "Gole, Habtamu Ashenafi"]
[Result "0-1"]
[ECO "B91"]
[WhiteElo "1785"]
[BlackElo "2046"]
[Annotator "NA"]
[PlyCount "121"]
[EventDate "2019.08.26"]
[EventType "team-tourn"]
[EventCountry "MAR"]
[SourceTitle "playchess.com"]
[Source "ChessBase"]
[SourceQuality "1"]
[TimeControl "900+10"]

1. e4 c5 2. Nf3 d6 3. d4 cxd4 4. Nxd4 Nf6 5. Nc3 a6 6. g3 Qc7 7. Bg2 Nbd7 8. O-O e6 9. a4 Rb8 10. a5 Be7 11. Be3 Nc5 12. Nb3 O-O 13. Nxc5 dxc5 14. Bf4 e5 15. Bg5 Rd8 16. Qe2 Bg4 17. Bf3 Be6 18. Bxf6 Bxf6 19. Nd5 Bxd5 20. exd5 Be7 21. c4 f5 22. Rfe1 Bf6 23. Bg2 e4 24. Ra3 Bd4 25. Kh1 Re8 26. Qd2 Qe5 27. Rb3 Rf8 28. f3 e3 29. Rbxe3 Bxe3 30. Rxe3 Qc7 31. f4 Rbd8 32. Qe1 Rd7 33. Bh3 g6 34. Re6 Qd8 35. Bg2 Kg7 36. Qe5+ Kg8 37. Qe1 Qc7 38. b4 cxb4 39. Qxb4 Rc8 40. Bf1 Qc5 41. Qe1 Rf8 42. Bd3 Qd4 43. Bf1 Qg7 44. Kg2 Qb2+ 45. Kh1 Qd4 46. Kg2 Qc5 47. h4 Qd4 48. Kh3 Rff7 49. Kg2 Kg7 50. Kh2 Rc7 51. Kg2 Rcd7 52. Kh2 h5 53. Kg2 Kh6 54. Kh2 Rc7 55. Kg2 Qg7 56. Kh2 Rce7 57. c5 Rxe6 58. Qxe6 Re7 59. Qd6 Qb2+ 60. Bg2 Re2 61. Qf8+ 0-1

[Event "African Games Rapid Open 2019"]
[Site "Casablanca"]
[Date "2019.08.26"]
[Round "5.20"]
[White "Marie, Patrick"]
[Black "Hassan, Abderrahmane"]
[Result "1-0"]
[ECO "C00"]
[WhiteElo "1921"]
[BlackElo "1786"]
[Annotator "NA"]
[PlyCount "131"]
[EventDate "2019.08.26"]
[EventType "team-tourn"]
[EventCountry "MAR"]
[SourceTitle "playchess.com"]
[Source "ChessBase"]
[SourceQuality "1"]
[TimeControl "900+10"]

1. e4 e6 2. b3 d5 3. Bb2 d4 4. f4 c5 5. Nf3 Nf6 6. Bb5+ Nc6 7. Bxc6+ bxc6 8. d3 Ng4 9. Bc1 c4 10. bxc4 Bb4+ 11. Kf1 Qb6 12. h3 Ne3+ 13. Bxe3 dxe3 14. c3 Bd6 15. e5 Qb2 16. Nbd2 exd2 17. exd6 Qxc3 18. Ke2 Qb4 19. Qxd2 Qxd6 20. Rab1 O-O 21. Rhd1 c5 22. Qe3 Ba6 23. Kf2 Rab8 24. Ng5 Rbc8 25. Qe4 g6 26. Qe3 Rfd8 27. Ne4 Qd4 28. Qxd4 Rxd4 29. Ke3 Rcd8 30. Rbc1 Bxc4 31. Nxc5 Bb5 32. Rc3 Bc6 33. g3 Bg2 34. h4 h5 35. Ra3 R4d5 36. Rd2 Rxc5 37. Rxg2 Rcd5 38. Rc2 R8d7 39. Rac3 Kg7 40. Rb2 Kf6 41. Rbb3 Kf5 42. Kf3 Ra5 43. Ra3 Rxa3 44. Rxa3 Rd5 45. Rc3 a5 46. Ra3 Kf6 47. Rc3 Kf5 48. Ra3 Kf6 49. Rc3 Rb5 50. Rb3 Rd5 51. Ke4 Rc5 52. a4 Rd5 53. Rb5 Rxb5 54. axb5 Ke7 55. Kd4 Kd6 56. Kc4 Kc7 57. Kc5 a4 58. Kb4 Kb6 59. Kxa4 f6 60. Kb4 g5 61. Kc4 gxf4 62. gxf4 f5 63. Kd4 Kxb5 64. Ke5 Kc5 65. Kxe6 Kd4 66. Kxf5 1-0

[Event "African Games Rapid Open 2019"]
[Site "Casablanca"]
[Date "2019.08.26"]
[Round "5.21"]
[White "Espirito Santo, Waldyr"]
[Black "Asante Debesai Zerabruk"]
[Result "0-1"]
[ECO "B00"]
[WhiteElo "1923"]
[BlackElo "1712"]
[Annotator "NA"]
[PlyCount "64"]
[EventDate "2019.08.26"]
[EventType "team-tourn"]
[EventCountry "MAR"]
[SourceTitle "playchess.com"]
[Source "ChessBase"]
[SourceQuality "1"]
[TimeControl "900+10"]

1. e4 d6 2. d4 Nd7 3. f4 e5 4. dxe5 dxe5 5. Nf3 Ngf6 6. Bd3 Bd6 7. fxe5 Nxe5 8. Nxe5 Bxe5 9. O-O Bg4 10. Qe1 Qd6 11. h3 Be6 12. Nc3 a6 13. Be3 Qb4 14. Rb1 h6 15. Qf2 b6 16. a3 Qd6 17. Rbd1 Qc6 18. Bd4 Qd6 19. Bxe5 Qxe5 20. Nd5 Bxd5 21. exd5 O-O 22. c4 Rfe8 23. Rfe1 Qd6 24. b4 a5 25. c5 Rxe1+ 26. Qxe1 bxc5 27. bxa5 c4 28. Bc2 Qxa3 29. Ra1 Qc5+ 30. Kh1 Nxd5 31. Qe4 g6 32. a6 Nb6 0-1

[Event "African Games Rapid Open 2019"]
[Site "Casablanca"]
[Date "2019.08.26"]
[Round "5.23"]
[White "Kourakoumba, Florent"]
[Black "Yahi, Mohamed Salem"]
[Result "0-1"]
[ECO "B00"]
[WhiteElo "1677"]
[BlackElo "1928"]
[Annotator "NA"]
[PlyCount "106"]
[EventDate "2019.08.26"]
[EventType "team-tourn"]
[EventCountry "MAR"]
[SourceTitle "playchess.com"]
[Source "ChessBase"]
[SourceQuality "1"]
[TimeControl "900+10"]

1. e4 d6 2. Bc4 Nf6 3. d3 g6 4. Ne2 Bg7 5. O-O O-O 6. c3 Nc6 7. h3 e5 8. Bb3 b6 9. Ng3 Bb7 10. f4 exf4 11. Bxf4 Na5 12. Bc2 Re8 13. Na3 b5 14. Nxb5 Ba6 15. Nd4 c5 16. Nb3 Nxb3 17. axb3 Bb7 18. Qf3 Qc7 19. Bg5 Re6 20. Rae1 h6 21. Bd2 Nh7 22. Ne2 Rf6 23. Qg3 Rxf1+ 24. Rxf1 Nf6 25. Qf3 Nh5 26. g4 Nf6 27. Bf4 Nd7 28. Bg3 Ne5 29. Bxe5 Bxe5 30. Rc1 Qe7 31. d4 cxd4 32. cxd4 Bg7 33. b4 Re8 34. d5 Bxb2 35. Rb1 Be5 36. Rf1 Ba6 37. Re1 Bxe2 38. Rxe2 Rc8 39. Kg2 Rc3 40. Bd3 Qc7 41. b5 f6 42. h4 Kg7 43. Rd2 g5 44. hxg5 hxg5 45. Rd1 Rc1 46. Rd2 Qc3 47. Ra2 Qc5 48. Rf2 Rc3 49. Qf5 Rxd3 50. Qd7+ Kh6 51. Qe8 Rg3+ 52. Kf1 Qc1+ 53. Ke2 Re3# 0-1